 Dungeon Crawl Stone Soup version 0.23.2 (webtiles) character file.

Game seed: 13343823186638885153

32 cklessthan3 the Grave Robber (level 3, -1/28 HPs)
             Began as a Deep Dwarf Necromancer on Apr 1, 2019.
             Killed from afar by an orc wizard (8 damage)
             ... with a magic dart
             ... on level 2 of the Dungeon.
             The game lasted 00:07:38 (697 turns).

cklessthan3 the Grave Robber (DDNe)                  Turns: 697, Time: 00:07:40

Health: -1/28      AC:  3    Str: 12    XL:     3   Next: 8%
Magic:  1/6        EV: 12    Int: 15    God:
Gold:   63         SH:  0    Dex: 13    Spells: 4/6 levels left

rFire    . . .     SeeInvis .   e - +0 short sword
rCold    . . .     Gourm    .   (no shield)
rNeg     . . .     Faith    .   l - +0 leather armour
rPois    .         Spirit   .   (no helmet)
rElec    .         Reflect  .   (no cloak)
rCorr    .         Harm     .   (no gloves)
MR       .....                  (no boots)
Stlth    ++........             (no amulet)
HPRegen  0.00/turn              (no ring)
MPRegen  0.10/turn              (no ring)

@: non-regenerating
A: damage resistance, heal wounds, sense surroundings 1, no regeneration
a: Heal Wounds


You were on level 2 of the Dungeon.
You were not hungry.

You visited 1 branch of the dungeon, and saw 2 of its levels.

You collected 63 gold pieces.

Inventory:

Hand Weapons
 e - a +0 short sword (weapon)
Missiles
 f - 4 large rocks
 h - 10 sling bullets
 i - 66 stones (quivered)
Armour
 a - a +0 robe
 l - a +0 leather armour (worn)
Jewellery
 d - a +3 ring of intelligence {unknown}
Scrolls
 g - a scroll of immolation {unknown}
 k - a scroll of enchant weapon {unknown}
 m - a scroll of identify {unknown}
Potions
 b - a potion of heal wounds {unknown}
 j - a potion of resistance
Comestibles
 c - 7 rations


   Skills:
 + Level 0.1 Fighting
 + Level 2.4 Dodging
 + Level 2.4 Stealth
 + Level 2.2 Spellcasting
 + Level 5.0 Necromancy


You had 4 spell levels left.
You knew the following spells:

 Your Spells              Type           Power        Failure   Level  Hunger
a - Pain                  Necr           ###.         3%          1    #......
b - Animate Skeleton      Necr           N/A          3%          1    #......

Your spell library contained the following spells:

 Spells                   Type           Power        Failure   Level  Hunger
 Vampiric Draining        Necr           ###.......   11%         3    ###....
 Animate Dead             Necr           N/A          34%         4    #####..
 Regeneration             Chrm/Necr      Unusable     N/A         3    N/A

Dungeon Overview and Level Annotations

Branches:
Dungeon (2/15)

Altars:


Innate Abilities, Weirdness & Mutations

You are resistant to damage.
You can heal yourself by infusing magical energy.
You passively map a small area around you.
You do not regenerate.


Message History

The orc wizard closely misses you.
The orc wizard hits you with a +0 dagger.
The orc wizard points at you and mumbles some strange words.
The magic dart hits you!
You hit the orc wizard but do no damage.
The orc wizard is severely wounded.
The orc wizard hits you with a +0 dagger.
The orc wizard casts a spell at you. You resist with some effort.
The orc wizard barely misses you. The orc barely misses you.
You hit the orc wizard but do no damage.
The orc wizard is severely wounded.
The orc wizard barely misses you. x2; The orc hits you but does no damage.
You hit the orc wizard.
The orc wizard is almost dead.
The orc wizard hits you with a +0 dagger.
* * * LOW HITPOINT WARNING * * *
The orc wizard points at you and mumbles some strange words.
The magic dart hits you!
You die...

#..#. , #...
####*#..# , #..,
...# #.# *#..# #
##.####..##.#
######............
#ooo....####.o.#.#
#@#####.# #......
#o#####.## ###.#.#
#........# .# #
#..#####.#* * #
#..# #.## ... #..#
#.. ... #..#
#.##...,*
#..#####.##.## *
#........#...#


You could see 2 orc wizards and 2 orcs.

Vanquished Creatures
  2 giant cockroaches
  4 goblins
  6 hobgoblins (D:1)
  3 kobolds
  6 bats
  5 frilled lizards
  4 rats (D:1)
30 creatures vanquished.

Vanquished Creatures (others)
  4 toadstools (D:1)
4 creatures vanquished.

Grand Total: 34 creatures vanquished

Notes
Turn   | Place    | Note
-------+----------+-------------------------------------------
     0 | D:1      | cklessthan3 the Deep Dwarf Necromancer began the quest for
                  | the Orb.
     0 | D:1      | Reached XP level 1. HP: 15/15 MP: 3/3
   139 | D:1      | Reached XP level 2. HP: 22/22 MP: 2/4
   614 | D:1      | Learned a level 1 spell: Animate Skeleton
   621 | D:2      | Reached skill level 5 in Necromancy
   626 | D:2      | Reached XP level 3. HP: 25/28 MP: 3/6
   697 | D:2      | Killed from afar by an orc wizard

Skill      XL: |  1  2 |
---------------+-------+-----
Spellcasting   | 2 |  2.2
Necromancy     | 5 |  5.0
Fighting       | |  0.1
Dodging        | |  2.4
Stealth        | |  2.4

Action                   || total
-------------------------++-------
Melee: Short sword       ||    26
 Cast: Pain              ||    46
 Abil: Heal Wounds       ||     1
  Use: Scroll            ||     1
 Stab: Sleeping          ||     1
Armor: Robe              ||     9
       Leather armour    ||     1
Dodge: Dodged            ||    35
